 Dungeon Crawl Stone Soup version 0.25-a0-663-gace7076f2c (webtiles) character file.

Game seed: 8242919608209642797, levelgen mode: deterministic

744 ipx the Chopper (level 7, -3/41 HPs)
             Began as a Gargoyle Arcane Marksman on Mar 26, 2020.
             Slain by an orc warrior
             ... wielding a +0 war axe
              (10 damage)
             ... on level 5 of the Dungeon.
             The game lasted 00:26:44 (1931 turns).

ipx the Chopper (Gargoyle Arcane Marksman)          Turns: 1931, Time: 00:26:44

Health: -3/41      AC: 17    Str: 15 (18) XL:     7   Next: 76%
Magic:  8/8        EV:  6    Int:  8 (11) God:
Gold:   200        SH:  0    Dex:  8 (11) Spells: 7/8 levels left

rFire    + + +     SeeInvis .   a - +0 hand axe
rCold    . . .     Gourm    .   (no shield)
rNeg     + . .     Faith    .   e - +2 chain mail of Dishonesty {+Inv rF+++ Str+4 Int-3}
rPois    ∞         Spirit   .   k - +1 helmet
rElec    +         Reflect  .   (no cloak)
rCorr    .         Harm     .   (no gloves)
MR       .....                  (no boots)
Stlth    ..........             (no amulet)
HPRegen  0.13/turn              o - ring of poison resistance
MPRegen  0.11/turn              (no ring)

@: flying
A: hooves 1, blink, negative energy resistance 1, shaggy fur 1, electricity
resistance, unbreathing, petrification resistance, rot immunity, AC +4
a: Blink, Evoke Invisibility


You were on level 5 of the Dungeon.
You were very hungry.

You visited 2 branches of the dungeon, and saw 7 of its levels.

You collected 200 gold pieces.

Inventory:

Hand Weapons
 a - a +0 hand axe (weapon)
Armour
 c - a +0 ring mail of fire resistance
 e - the +2 chain mail of Dishonesty (worn) {+Inv rF+++ Str+4 Int-3}
   (You found it on level 4 of the Dungeon)

   It affects your strength (+4).
   It affects your intelligence (-3).
   It renders you almost immune to fire.
   It lets you turn invisible.
 g - a +0 robe
 j - a +1 hat
 k - a +1 helmet (worn)
 l - a +0 kite shield
 p - a +0 plate armour
 u - the +1 scale mail "Teadiz" {rC+ Regen+ Int-3}
   (You found it on level 4 of the Dungeon)

   It affects your intelligence (-3).
   It protects you from cold.
   It increases your rate of regeneration.
Jewellery
 o - a ring of poison resistance (left hand)
Scrolls
 b - 4 scrolls of teleportation
 i - a scroll of enchant weapon
 n - a scroll of blinking
Potions
 m - 2 potions of brilliance
Comestibles
 f - 3 rations


   Skills:
 + Level 3.4 Fighting
 * Level 5.7 Axes
 - Level 4.1 Throwing
 - Level 1.5 Dodging
 - Level 1.0 Spellcasting
 - Level 2.6 Hexes
 + Level 0.3 Evocations


You had 7 spell levels left.
You knew the following spells:

 Your Spells              Type           Power        Failure   Level  Hunger
c - Corona                Hex            #......      98%         1    ##.....

Your spell library contained the following spells:

 Spells                   Type           Power        Failure   Level  Hunger
 Slow                     Hex            #.......     99%         2    ###....
 Inner Flame              Hex/Fire       #.......     100%        3    ####...
 Portal Projectile        Hex/Tloc       #.....       100%        3    ####...
 Cause Fear               Hex            #.........   100%        4    #####..
 Leda's Liquefaction      Hex/Erth       #.........   100%        4    #####..


Dungeon Overview and Level Annotations

Branches:
Dungeon (6/15)             Temple (1/1) D:4

Altars:
Ashenzari
Cheibriados
Dithmenos
Elyvilon
Fedhas
Kikubaaqudgha
Qazlal
Ru
Uskayaw
Yredelemnul
Zin
The Shining One

Annotations:
D:3 1 runed translucent door, RexLacerta's ghost, amateur GrMo


Innate Abilities, Weirdness & Mutations

You are resistant to torment.
Your stone body is resilient. (AC +4)
You are immune to poison.
You resist negative energy. (rN+)
You are resistant to electric shocks. (rElec)
You can survive without breathing.
You are immune to petrification.
You are immune to rotting.
You have large cloven feet.
You can translocate small distances at will.
You are covered in fur. (AC +1)


Message History

You bump into the rock wall.
You feel less invigorated.
You feel less confused.
The orc warrior hits you with a +0 war axe!
It was a potion of mutation.
You feel extremely strange.
Your feet thicken and deform.
You feel jittery. Fur sprouts all over your body.
The orc warrior hits you but does no damage.
Okay, then.
It was a potion of degeneration.
There was something very wrong with that liquid.
You feel weakened.
You feel dopey.
You feel clumsy.
It was a potion of flight.
You feel very buoyant.
You fly up into the air.
The orc warrior barely misses you.
You blink.
You feel slightly more hungry.
You fail to use your ability.
The orc warrior hits you with a +0 war axe.
* * * LOW HITPOINT WARNING * * *
You blink.
You feel slightly more hungry.
The orc warrior hits you with a +0 war axe!
You die...

..............#### #..####
##.###.......## #.#.# #.
##.....## ###.# ### ##
##...##########.# ... ..
##'## #......#.# #.# #.#
#[# #.####.#.# #.# #.# #>#
#.# #.#.#
#.###.####.####.####.#.# #
#.<.......@o§.....##.#.#
#.##.#.#..#.....##.#.##.#.#
#.........##...###......#.#
####.####.###.## #.#.#.##.#
#.# #.# #.# #.#......#
#.####.# #.# #.###.####
#......# #.# ##...##
######## #.# #####


You could see an orc warrior.

Vanquished Creatures
  3 ogres
  A scorpion (D:5)
  2 howler monkeys
  A bullfrog zombie (D:5)
  A quasit (D:5)
  A bullfrog skeleton (D:2)
  An orc priest (D:5)
  An orc wizard (D:3)
  An iguana (D:5)
  2 worker ants
  4 gnolls (D:4)
  3 adders
  A shadow imp (D:5)
  2 oozes
  An adder zombie (D:5)
  2 worms (D:2)
  A dart slug (D:2)
  4 leopard geckos
  11 orcs
  A goblin (D:2)
  4 hobgoblins (D:1)
  2 kobolds
  4 quokkas
  A bat (D:3)
  4 frilled lizards
  A leopard gecko skeleton (D:6)
  5 rats
65 creatures vanquished.

Notes
Turn   | Place    | Note
-------+----------+-------------------------------------------
     0 | D:1      | ipx the Gargoyle Arcane Marksman began the quest for the
                  | Orb.
     0 | D:1      | Reached XP level 1. HP: 12/12 MP: 2/2
   125 | D:1      | Reached XP level 2. HP: 5/16 MP: 3/3
   236 | D:2      | Reached skill level 1 in Axes
   245 | D:2      | Reached XP level 3. HP: 8/20 MP: 2/4
   446 | D:2      | Reached skill level 2 in Axes
   446 | D:2      | Reached XP level 4. HP: 17/25 MP: 5/5
   580 | D:4      | Noticed an ogre
   628 | D:3      | Found a runed translucent door.
   631 | D:3      | Noticed RexLacerta's ghost (amateur GrMo)
   701 | D:4      | Noticed a phantom
   752 | D:4      | Reached skill level 3 in Axes
   752 | D:4      | Reached XP level 5. HP: 27/29 MP: 6/6
   818 | D:4      | Got a smoking scale mail
   845 | D:4      | Identified the +1 scale mail "Teadiz" {rC+ Regen+ Int-3}
                  | (You found it on level 4 of the Dungeon)
   879 | D:4      | Killed an ogre
   879 | D:4      | Reached skill level 4 in Axes
   879 | D:4      | Reached XP level 6. HP: 34/34 MP: 4/7
  1009 | D:4      | Found a staircase to the Ecumenical Temple.
  1020 | Temple   | Entered the Ecumenical Temple
  1194 | D:5      | Entered Level 5 of the Dungeon
  1257 | D:4      | Reached XP level 7. HP: 33/40 MP: 8/8
  1298 | D:5      | Reached skill level 5 in Axes
  1500 | D:5      | Found a runed translucent door.
  1646 | D:4      | Got a spiked chain mail
  1657 | D:4      | Identified the +2 chain mail of Dishonesty {+Inv rF+++
                  | Str+4 Int-3} (You found it on level 4 of the Dungeon)
  1925 | D:5      | Gained mutation: You have large cloven feet. [potion of
                  | mutation]
  1925 | D:5      | Gained mutation: You can translocate small distances at
                  | will. [potion of mutation]
  1925 | D:5      | Gained mutation: You are covered in fur. (AC +1) [potion of
                  | mutation]
  1931 | D:5      | Slain by an orc warrior

Levels and vault maps discovered:
D:1:      dpeg_arrival_simpleton_c, layout_loops_ring, palyth_stone_intersect
D:2:      layout_rooms, gammafunk_temple_overflow_claw
D:3:      layout_loops_corners, lemuel_round_altar, first_ration,
          ebering_ghost_sewer_d, skrybe_limestone_x, kennysheep_generic_room_2,
          uniq_natasha
D:4:      cheibrodos_old_hovel, layout_loops_ring,
          minmay_temple_entry_nine_rooms, hangedman_abyss_or_decor_lesser_grid,
          uniq_blork_the_orc, uniq_duvessa
D:5:      layout_loops_corners, minmay_shop_enchanted_jewellery,
          lightli_church_of_beogh
D:6:      layout_basic, grunt_temple_overflow_lords_of_destruction,
          gammafunk_temple_overflow_pools, serial_glass, glass_columns_a,
          glass_columns_a, lemuel_another_geyser
Temple:   minmay_temple_bridge_abc

Skill      XL: |  1  2  3  4  5  6  7 |
---------------+----------------------+-----
Throwing       | 2 3 4 |  4.1
Axes           | 1 2 3 4 5 |  5.7
Fighting       | 2 3 |  3.4
Dodging        | |  1.5
Spellcasting   | |  1.0
Hexes          | |  2.6
Evocations     | |  0.3

Action                   |  1- 3 |  4- 6 |  7- 9 || total
-------------------------+-------+-------+-------++-------
Melee: Unarmed           |     4 |       |       ||     4
       Hand axe          |    31 |   129 |   136 ||   296
Throw: Javelin           |    33 |    20 |     5 ||    58
       Throwing net      |     1 |       |     2 ||     3
 Cast: Corona            |     9 |    16 |       ||    25
 Abil: Blink             |       |       |     2 ||     2
  Use: Scroll            |       |     1 |     6 ||     7
       Potion            |       |     4 |     4 ||     8
 Stab: Held in net/web   |     1 |       |     1 ||     2
  Eat: Chunk             |       |     3 |     1 ||     4
Armor: Robe              |    17 |     5 |       ||    22
       Ring mail         |       |    16 |       ||    16
       Scale mail        |       |    42 |    54 ||    96
       Chain mail        |       |       |    43 ||    43
Dodge: Dodged            |    19 |    74 |    61 ||   154

Table legend:
 A = Non-vault XP
 B = Vault XP
 C = Vault XP percentage of total XP
 D = Non-vault monster count
 E = Vault monster count
 F = Vault count percentage of total count
                 A         B        C        D         E       F
            +---------+---------+-------+---------+---------+-------
      Total |    1053 |      10 |   0.9 |      61 |       4 |   6.2
            +---------+---------+-------+---------+---------+-------
        D:1 |      22 |       0 |   0.0 |       9 |       0 |   0.0
        D:2 |      77 |       0 |   0.0 |      12 |       0 |   0.0
        D:3 |      59 |       0 |   0.0 |       9 |       0 |   0.0
        D:4 |     399 |       1 |   0.2 |      15 |       1 |   6.2
        D:5 |     495 |       9 |   1.8 |      15 |       3 |  16.7
        D:6 |       1 |       0 |   0.0 |       1 |       0 |   0.0
            +---------+---------+-------+---------+---------+-------
